 Dungeon Crawl Stone Soup version 0.30-a0-605-gb2882149bf (webtiles) character file.

Game seed: 6790353674890015790

833 OTABOTABOTAB the Changer (level 7, -1/43 HPs)
             Began as an Octopode Transmuter on Jan 8, 2023.
             Succumbed to a water moccasin's poison
             ... on level 6 of the Dungeon.
             The game lasted 00:09:42 (5134 turns).

OTABOTABOTAB the Changer (Octopode Transmuter)      Turns: 5134, Time: 00:09:43

Health: -1/43      AC:  1    Str:  9    XL:     7   Next: 98%
Magic:  7/10       EV: 13    Int: 18    God:
Gold:   487        SH:  0    Dex: 12    Spells: 0/10 levels left

rFire   . . .      SeeInvis +      - Unarmed
rCold   . . .      Faith    .    (no shield)
rNeg    . . .      Spirit   .    (helmet currently unavailable)
rPois   .          Reflect  .    (no amulet)
rElec   .          Harm     .    (no ring)
rCorr   .          Rampage  .    (no ring)
Will    .....                    (no ring)
Stlth   ++                       (no ring)
HPRegen 0.27/turn                (no ring)
MPRegen 0.12/turn                (no ring)
                                 (no ring)
                                 (no ring)

@: lethally poisoned (-1 -> -13), appendages
A: tentacle spike 3, almost no armour, amphibious, 8 rings, camouflage 1,
gelatinous body 1, (nimble swimmer 1), tentacles, see invisible, mutation
resistance 1
a: End Transformation


You were on level 6 of the Dungeon.
One of your tentacles had grown a beastly spike.
You visited 2 branches of the dungeon, and saw 7 of its levels.

You collected 487 gold pieces.

Inventory:

Missiles
 h - 3 boomerangs
 s - 21 stones
 w - 8 poisoned darts
Magical Staves
 b - a staff of poison {rPois}
   (You found it on level 1 of the Dungeon)
Jewellery
 f - a ring of fire {rF+, rC-}
   (You found it on level 4 of the Dungeon)
 x - an amulet of faith
   (You found it on level 4 of the Dungeon)
Wands
 n - a wand of light (14)
   (You found it on level 2 of the Dungeon)
 o - a wand of roots (8)
   (You found it on level 2 of the Dungeon)
 q - a wand of flame (6)
   (You found it on level 4 of the Dungeon)
Scrolls
 a - a scroll of magic mapping {unknown}
 c - 2 scrolls of enchant armour {unknown}
 l - 2 scrolls of poison {!r}
 E - 2 scrolls of fear
 V - a scroll of vulnerability {!r!r}
Potions
 j - 2 potions of attraction {!q}
 k - a potion of cancellation
 H - a potion of haste
 M - a potion of might
 P - 5 potions of lignification {!q}
 U - 2 potions of mutation {!q}


   Skills:
 - Level 1.0 Fighting
 - Level 2.0 Dodging
 - Level 4.8 Unarmed Combat
 - Level 2.0 Spellcasting
 + Level 6.7 Transmutations
 + Level 3.0 Ice Magic
 - Level 3.0 Poison Magic


You couldn't memorise any spells.
You knew the following spells:

 Your Spells              Type           Power      Damage    Failure   Level
a - Beastly Appendage     Tmut           52%        N/A       1%          1
b - Wereblood             Tmut           26%        N/A       1%          2
c - Spider Form           Tmut/Pois      19%        N/A       8%          3
d - Ice Form              Ice/Tmut       19%        N/A       24%         4

Your spell library contained the following spells:

 Spells                   Type           Power      Damage    Failure   Level
 Ensorcelled Hibernation  Hex/Ice        14%        N/A       14%         2
 Anguish                  Hex/Necr       0%         N/A       87%         4


Dungeon Overview and Level Annotations

Branches:
Dungeon (6/15)             Temple (1/1) D:5

Altars:
Cheibriados
Hepliaklqana
Kikubaaqudgha
Nemelex Xobeh
Okawaru
Qazlal
Trog
Uskayaw
Vehumet
Wu Jian
Xom
Yredelemnul
The Shining One
Lugonu

Shops:
D:4 ?:

Annotations:
D:4 1 runed translucent door, Heh's ghost, amateur OpTm


Innate Abilities, Weirdness & Mutations

One of your tentacles has grown a beastly spike.
You cannot wear most types of armour.
You are amphibious.
You can wear up to eight rings at the same time.
Your skin changes colour to match your surroundings (Stealth+).
Your rubbery body absorbs attacks. (AC +1, EV +1)
((You are camouflaged when in or above water. (Stealth+)))
You have tentacles for arms and can constrict up to eight enemies at once.
You have supernaturally acute eyesight. (SInv)
You are somewhat resistant to further mutation.


Message History

A water moccasin comes into view.
The water moccasin hisses angrily.
One of your tentacles grows a vicious spike.
You now have 9/10 mp.
Your tentacle spike disappears.
You turn into a venomous arachnid creature.
The water moccasin bites you.
You are poisoned.
The water moccasin poisons you!
You take 3 damage, and have 40/43 hp.
You now have 6/10 mp.
You closely miss the water moccasin.
You feel very sick. The water moccasin bites you.
You take 10 damage, and have 30/43 hp.
MASSIVE DAMAGE!!
You closely miss the water moccasin.
You feel very sick. The water moccasin closely misses you.
The water moccasin bites you!
You take 10 damage, and have 20/43 hp.
MASSIVE DAMAGE!!
You closely miss the water moccasin.
You feel sick.
The water moccasin completely misses you.
You take 1 damage, and have 19/43 hp.
You barely miss the water moccasin.
You feel very sick. The water moccasin bites you!
* * * LOW HITPOINT WARNING * * *
You are lethally poisoned!
The water moccasin poisons you!
You take 10 damage, and have 9/43 hp.
MASSIVE DAMAGE!!
You feel better.
The water moccasin completely misses you.
The water moccasin barely misses you.
You regained 10 hp, and now have 19/43 hp.
You hit the water moccasin. The water moccasin bites you.
You take 2 damage, and have 17/43 hp.
You hit the water moccasin.
The water moccasin completely misses you.
You barely miss the water moccasin. The water moccasin closely misses you.
You hit the water moccasin.
The water moccasin is poisoned.
The water moccasin bites you!
* * * LOW HITPOINT WARNING * * *
The water moccasin completely misses you.
You take 7 damage, and have 11/43 hp.
You barely miss the water moccasin. The water moccasin bites you.
* * * LOW HITPOINT WARNING * * *
You are lethally poisoned!
The water moccasin poisons you!
You take 5 damage, and have 6/43 hp.
It was a potion of heal wounds.
You feel much better.
N - a potion of heal wounds You feel extremely sick.
The water moccasin closely misses you.
You regained 16 hp, and now have 22/43 hp.
You hit the water moccasin but do no damage.
Your transformation is almost over.
You feel very sick. The water moccasin bites you!
* * * LOW HITPOINT WARNING * * *
You take 12 damage, and have 10/43 hp.
MASSIVE DAMAGE!!
You feel much better.
You feel very sick. The water moccasin misses you.
The water moccasin completely misses you.
You regained 21 hp, and now have 31/43 hp.
Aim: a water moccasin (moderately wounded, very poisoned)
Okay, then.
Your transformation has ended.
You feel very sick. The water moccasin misses you.
You take 3 damage, and have 28/43 hp.
One of your tentacles grows a vicious spike.
You feel very sick. The water moccasin bites you!
You are lethally poisoned!
The water moccasin poisons you! The water moccasin bites you.
* * * LOW HITPOINT WARNING * * *
You take 17 damage, and have 11/43 hp.
MASSIVE DAMAGE!!
You closely miss the water moccasin. You grab the water moccasin.
You pierce the water moccasin, but do no damage.
You squeeze the water moccasin! You constrict the water moccasin.
* * * LOW HITPOINT WARNING * * *
You feel very sick. The water moccasin barely misses you.
You take 4 damage, and have 7/43 hp.
You tentacle-slap the water moccasin but do no damage.
You pierce the water moccasin.
You constrict the water moccasin, but do no damage.
* * * LOW HITPOINT WARNING * * *
You feel very sick. The water moccasin bites you.
* * * LOW HITPOINT WARNING * * *
You take 5 damage, and have 2/43 hp.
You tentacle-slap the water moccasin but do no damage.
You tentacle-slap the water moccasin, but do no damage.
You constrict the water moccasin.
You die...

#.#####
#.....#
#####.#
###
####.#
#..
#....#
#.#
#.####
#!# #.#
#S#######
#.#
#@......#
#.#
#######.#
#.#
#.#####.#
#.......#
#########


You could see a water moccasin (poisoned).

Vanquished Creatures
  A black bear (D:5)
  3 ogres
  2 scorpions (D:5)
  A jelly (D:5)
  2 orc priests (D:5)
  Natasha (thrice) (D:2)
  An iguana (D:5)
  Jessica (D:3)
  A gnoll (D:1)
  6 adders
  2 worms
  The ghost of cforsyth the Sneak, a weakling DsDe (D:5)
  3 dart slugs
  8 orcs
  3 ball pythons
  5 bats
  9 endoplasms
  4 giant cockroaches
  7 goblins
  15 hobgoblins
  6 jackals (D:1)
  A quokka (D:2)
  6 frilled lizards
  4 kobolds
  4 rats
99 creatures vanquished.

Notes
Turn   | Place    | Note
-------+----------+-------------------------------------------
     0 | D:1      | OTABOTABOTAB the Octopode Transmuter began the quest for
                  | the Orb.
     0 | D:1      | Reached XP level 1. HP: 13/13 MP: 3/3
   138 | D:1      | Reached XP level 2. HP: 18/18 MP: 5/5
   141 | D:1      | Learned a level 2 spell: Wereblood
   305 | D:1      | HP: 1/18 [gnoll/+0 spear (8)]
   307 | D:1      | Reached XP level 3. HP: 2/23 MP: 4/6
   560 | D:1      | Reached skill level 3 in Transmutations
   660 | D:1      | Learned a level 3 spell: Spider Form
   858 | D:2      | Noticed Natasha
   867 | D:2      | Killed Natasha
   868 | D:2      | Reached skill level 4 in Unarmed Combat
   868 | D:2      | Reached XP level 4. HP: 23/28 MP: 5/7
  1072 | D:2      | Found a faded altar of an unknown god.
  1302 | D:2      | Reached XP level 5. HP: 23/33 MP: 6/8
  1462 | D:2      | Found a basalt altar of Yredelemnul.
  1613 | D:2      | Noticed Natasha
  1621 | D:2      | Killed Natasha
  1622 | D:2      | Reached skill level 4 in Transmutations
  1961 | D:2      | Noticed Natasha
  1970 | D:2      | Killed Natasha
  2178 | D:3      | Noticed Jessica
  2194 | D:3      | Killed Jessica
  2195 | D:3      | Reached skill level 1 in Poison Magic
  2221 | D:3      | Reached XP level 6. HP: 38/38 MP: 7/9
  2345 | D:3      | HP: 6/38 [ogre/+0 giant club (21)]
  2346 | D:3      | Gained mutation: You have supernaturally acute eyesight.
                  | (SInv) [potion of mutation]
  2346 | D:3      | Gained mutation: You are somewhat resistant to further
                  | mutation. [potion of mutation]
  2348 | D:3      | Reached skill level 2 in Poison Magic
  2945 | D:4      | Found a shimmering altar of Xom.
  2982 | D:4      | Noticed Heh's ghost (amateur OpTm)
  2987 | D:4      | Found a runed translucent door.
  3052 | D:4      | Found Toso's Book Emporium.
  3155 | D:4      | Found Ecvug's Magic Scroll Shop.
  3226 | D:4      | Found an ancient bone altar of Kikubaaqudgha.
  3612 | D:5      | Entered Level 5 of the Dungeon
  3648 | D:5      | Noticed a black bear
  3656 | D:5      | Killed a black bear
  3657 | D:5      | Reached skill level 5 in Transmutations
  3657 | D:5      | Reached skill level 3 in Poison Magic
  3657 | D:5      | Reached XP level 7. HP: 42/43 MP: 6/10
  3663 | D:5      | Learned a level 4 spell: Ice Form
  3708 | D:5      | Found a hide-covered altar of Uskayaw.
  3943 | D:5      | Reached skill level 6 in Transmutations
  3943 | D:5      | Reached skill level 1 in Ice Magic
  4049 | D:5      | Found a staircase to the Ecumenical Temple.
  4058 | Temple   | Entered the Ecumenical Temple
  4229 | D:5      | Reached skill level 2 in Ice Magic
  4621 | D:5      | Found a radiant altar of Vehumet.
  4680 | D:5      | Found a runed translucent gate.
  4680 | D:5      | Found a runed translucent gate.
  4681 | D:5      | Found a runed translucent gate.
  4683 | D:5      | Noticed cforsyth's ghost (weakling DsDe)
  4750 | D:5      | Reached skill level 3 in Ice Magic
  4751 | D:5      | HP: 10/43 [orc/+0 flail (4)]
  4756 | D:5      | HP: 9/43 [poisoned by an orc]
  4756 | D:5      | HP: 4/43 [cforsyth's ghost (5)]
  4758 | D:5      | Killed cforsyth's ghost
  5120 | D:6      | HP: 9/43 [water moccasin (7)]
  5126 | D:6      | HP: 6/43 [water moccasin (5)]
  5132 | D:6      | HP: 7/43 [poisoned by a water moccasin]
  5133 | D:6      | HP: 3/43 [poisoned by a water moccasin]
  5134 | D:6      | Succumbed to a water moccasin's poison

Illustrated notes

Levels and vault maps discovered:
D:1:      onia_arrival_pyramid, layout_loops_cross, minmay_split_cup_large
D:2:      cheibrodos_greedy_goblins, layout_loops_corners, basic_altar,
          shapermc_ecumenical_altar_flowoftime, hangedman_decor_riveting,
          moated_statue, uniq_natasha
D:3:      layout_rooms, kennysheep_generic_room_15, uniq_jessica
D:4:      layout_rooms, kiku_gazebo_garden_becter, mainiacjoe_overflow_paths,
          hellmonk_ghost_happy_afterlife, serial_shops,
          nicolae_inconvenience_store, nicolae_shop_statue_plus
D:5:      layout_loops_ring, general_overflow_altar, amcnicky_altar_gilded,
          minmay_temple_entry_waves, biasface_ghost_orc_armoury
D:6:      layout_basic, lemuel_coloured_pillars_altar, minivault_4, uniq_edmund
Temple:   kb_corrupted_temple

Skill      XL: |  1  2  3  4  5  6  7 |
---------------+----------------------+-----
Transmutations | 3 4 5 6 |  6.7
Unarmed Combat | 4 |  4.8
Poison Magic   | 1 3 |  3.0
Ice Magic      | 3 |  3.0
Fighting       | |  1.0
Dodging        | |  2.0
Spellcasting   | |  2.0

Action                   |  1- 3 |  4- 6 |  7- 9 || total
-------------------------+-------+-------+-------++-------
Melee: Unarmed           |    83 |   105 |    61 ||   249
       Constrict         |    23 |    21 |     2 ||    46
       Tentacles         |    15 |    24 |     1 ||    40
       Kick              |    14 |    23 |     2 ||    39
       Punch             |     4 |     1 |     1 ||     6
Throw: Stone             |     3 |       |       ||     3
 Cast: Beastly Appendage |    15 |    26 |     2 ||    43
       Wereblood         |     1 |     1 |     1 ||     3
       Spider Form       |       |     4 |    10 ||    14
 Abil: End Transformatio |    13 |    26 |    10 ||    49
  Use: Scroll            |       |    13 |       ||    13
       Potion            |       |     1 |     4 ||     5
 Stab: Sleeping          |     4 |     4 |     1 ||     9
Armor: Skin              |    12 |     5 |     4 ||    21
Dodge: Dodged            |    69 |    50 |    59 ||   178

Table legend: (Time is in decaauts)
 A = Elapsed time spent in this place.
 B = Non-inter-level travel time spent in this place.
 C = Inter-level travel time spent in this place.
 D = Time resting spent in this place.
 E = Time spent auto-exploring this place.
 F = Levels seen in this place.
 G = Mean time per level.
                   A        B        C        D        E       F      G
               +--------+--------+--------+--------+--------+-----+--------+
         Total |   5113 |   4935 |    178 |    447 |   3697 |   7 |  730.4 |
       Dungeon |   4998 |   4839 |    159 |    447 |   3619 |   6 |  833.0 |
        Temple |    114 |     95 |     19 |      0 |     78 |   1 |  114.0 |
               +--------+--------+--------+--------+--------+-----+--------+

Top non-repeatable levels by time:
     D:5: 1304 daAuts
     D:2: 1188 daAuts
     D:3: 859 daAuts
     D:1: 839 daAuts
     D:4: 709 daAuts
  Temple: 114 daAuts
     D:6: 96 daAuts

Table legend:
 A = Kills in this place as a percentage of kills in entire the game.
 B = Kills by you in this place as a percentage of kills by you in the entire game.
 C = Kills by friends in this place as a percentage of kills by friends in the entire game.
 D = Other kills in this place as a percentage of other kills in the entire game.
 E = Experience gained in this place as a percentage of experience gained in the entire game.
 F = Experience gained in this place divided by the number of levels of this place that you have seen.
                   A       B       C       D       E      F
               +-------+-------+-------+-------+-------+----------------------
         Total | 100.0 | 100.0 |   N/A |   N/A | 100.0 | 170.1
       Dungeon | 100.0 | 100.0 |   N/A |   N/A | 100.0 | 198.5
               +-------+-------+-------+-------+-------+----------------------
